Map: Oblivion Express

Players

NamroodTuo

  • Race: Zerg Zerg

venm

  • Race: Terran Terran
  • Spawn Location: 12:00

VOD

Have the link to the VOD?

Description

Time

  • Played on: April 17, 2023, 7:13 a.m.
  • Length: 24:51
Show
View Real Time Build Order
Export as new Build Order

NamroodTuo Zerg 

Build Orders:  

Get SALT Encoding   

  12  0:03  Infested SCV  
  13  0:26  Infested Barracks  
  13  0:39  Infested SCV  
  14  0:43  Overlord  
  14  0:49  Infested SCV  
  15  1:10  Infested SCV  
  16  1:25  Infested SCV  
  16  1:27  Infestation Level 1  
  17  1:36  Infested Refinery  
  17  1:38  Infested SCV  
  18  1:47  Infested SCV  
  18  1:49  Infested SCV  
  20  1:55  Infested SCV  
  21  2:09  Overlord  
  21  2:34  Infested Engineering Bay, Infested SCV  
  22  2:46  Infested SCV  
  23  2:53  Infested Refinery  
  23  2:58  Infested SCV  
  24  3:09  Infested Barracks Tech Lab  
  24  3:28  Infested Command Center  
  24  3:40  Infested SCV  
  24  3:41  Infested SCV  
  24  3:46  Overlord  
  26  4:32  Retinal Augmentation  
  26  4:48  Infestation Level 2  
  26  4:52  Stukov Infantry Weapons Level 1  
  26  5:00  Infested SCV  
  26  5:01  Infested SCV  
  26  5:02  Overlord  
  26  5:03  Infested SCV  
  26  5:05  Infested Marine  
  26  5:06  Infested Marine  
  26  5:07  Infested Marine x8  
  39  6:48  Anaerobic Enhancement  
  29  7:08  Infested Command Center  
  29  7:18  Infested Bunker  
  33  7:22  Infested SCV  
  33  7:25  Infested Refinery  
  34  7:32  Stukov Infantry Armor Level 1  
  34  7:48  Broodling Gestation  
  34  7:49  Infested SCV x5  
  39  8:05  Infested Factory  
  39  8:08  Plagued Munitions  
  39  8:20  Infested SCV  
  39  8:21  Infested SCV  
  39  8:28  Infested Bunker  
  45  8:38  Infested SCV  
  46  8:51  Infested Marine  
  46  8:52  Infested Marine x9  
  46  8:53  Infested Marine x6  
  46  8:59  Overlord x4  
  62  9:00  Overlord  
  62  9:30  Infested Armory  
  65  9:50  Infested SCV  
  65  9:51  Infested SCV x3, Infested Bunker  
  66  10:01  Unknown  
  62  10:11  Infested Marine x6, Regenerative Plating  
  68  10:21  Infested Bunker  
  66  10:30  Infested SCV  
  66  10:31  Infested SCV x2  
  67  10:58  Infested Marine  
  67  10:59  Infested Marine x8  
  76  11:11  Stukov Infantry Weapons Level 2  
  74  11:21  Infested Bunker  
  67  11:47  Infested Marine  
  67  11:48  Infested Marine x12  
  80  11:58  Infested Bunker  
  82  12:13  Infestation Level 3  
  82  12:24  Infested Factory Tech Lab  
  79  12:35  Infested Marine  
  79  12:36  Infested Marine x15  
  101  13:32  Infested Bunker  
  89  13:42  Overlord x2  
  89  13:43  Aggressive Incubation  
  89  13:44  Infested SCV x3  
  91  13:52  Infested Siege Tank  
  91  13:54  Automated Mitosis  
  90  14:07  Infested Marine  
  90  14:08  Infested Marine x11  
  90  14:09  Infested Marine x5  
  107  14:19  Infested Marine  
  107  14:20  Infested Marine x3  
  107  14:21  Stukov Infantry Armor Level 2  
  108  14:30  Infested Bunker  
  108  14:33  Infested Bunker  
  108  14:35  Infested Marine  
  108  14:36  Infested Marine x2  
  108  14:37  Infested Marine  
  102  14:54  Acidic Enzymes  
  96  15:09  Infested Marine  
  97  15:10  Infested Marine x5  
  73  16:14  Infested Bunker  
  72  16:20  Infested Siege Tank x4  
  72  16:21  Infested Siege Tank  
  72  16:27  Stukov Vehicle and Ship Weapons Level 1  
  81  16:38  Overlord x4  
  81  16:40  Overseer  
  81  16:41  Overseer x4  
  81  17:31  Infested Siege Tank x3, Calcified Armor  
  81  17:34  Overlord  
  81  17:35  Overlord, Infested SCV x2  
  92  17:40  Infested SCV x3  
  92  17:41  Infested SCV  
  92  17:45  Infested Refinery  
  100  18:07  Infested Bunker  
  100  18:31  Infested Siege Tank, Infested Diamondback, Stukov Infantry Weapons Level 3  
  100  18:32  Infested Siege Tank  
  109  18:53  Infested Siege Tank  
  109  18:57  Saturated Cultures  
  112  19:07  Stukov Vehicle and Ship Armor Level 1  
  112  19:16  Infested Diamondback  
  112  19:57  Caustic Mucus  
  109  20:17  Infested Marine x4  
  109  20:18  Infested Marine x7  
  109  20:19  Infested Siege Tank, Infested Diamondback x2  
  129  20:20  Infested Diamondback  
  131  20:53  Infested Siege Tank  
  117  22:13  Infested Siege Tank x2, Infested Diamondback  
  117  22:14  Infested Diamondback  
  128  22:33  Infested SCV x4  
  128  22:34  Infested SCV  
  129  23:01  Overlord x3  
  129  23:02  Overlord  
  129  23:04  Overseer x5  
  125  23:33  Infested Siege Tank  
  125  23:34  Infested Siege Tank, Infested Diamondback x2  
  141  24:03  Infested Bunker  
Show
View Real Time Build Order
Export as new Build Order

venm Terran 

Build Orders:  

Get SALT Encoding   

  12  0:03  SCV  
  13  0:20  SCV  
  13  0:27  Refinery  
  14  0:37  SCV  
  15  0:52  Barracks  
  15  0:55  SCV  
  16  1:12  SCV  
  16  1:14  Refinery  
  17  1:29  SCV  
  18  1:35  Engineering Bay  
  18  1:45  SCV  
  19  2:03  Factory  
  19  2:07  SCV  
  20  2:24  SCV  
  21  2:34  Railgun Turret  
  21  2:42  SCV  
  21  2:46  Barracks Tech Lab  
  21  2:48  Ghost Visor  
  22  2:59  SCV  
  23  3:14  Railgun Turret  
  23  3:32  Factory Tech Lab  
  23  3:35  Starport  
  23  3:43  Caduceus Reactor  
  23  4:01  Refinery  
  23  4:43  Starport Tech Lab  
  23  4:50  Armory  
  23  4:53  Refinery  
  23  5:21  Command Center  
  23  5:25  SCV  
  24  5:42  SCV  
  25  5:56  Covert Triage  
  25  5:59  SCV  
  26  6:16  SCV  
  27  6:28  Armory  
  27  6:33  SCV  
  27  6:39  Missile Turret  
  28  6:41  Enhanced Manufacturing  
  28  6:50  SCV  
  29  7:04  Missile Turret  
  29  7:05  Railgun Turret  
  29  7:07  SCV  
  30  7:22  SCV  
  30  7:24  SCV  
  30  7:30  Railgun Turret  
  30  7:39  SCV  
  30  7:41  SCV  
  31  7:56  SCV  
  31  7:58  SCV  
  33  8:01  Infernal Pre-Igniter  
  33  8:13  SCV  
  33  8:15  SCV  
  35  8:53  Jump Jet Assault  
  35  9:16  Ares-Class Targeting System  
  35  9:22  Strike Goliath x2  
  35  9:26  Hellbat Rangers x2  
  55  9:46  Lockdown Missiles  
  55  10:17  Operational Efficiency  
  55  10:23  Raid Artillery  
  55  10:38  Defensive Drone  
  55  10:53  Smart Servos  
  55  11:16  Terran Vehicle And Ship Armor Level 1  
  55  11:17  Terran Vehicle and Ship Weapons Level 1  
  55  12:13  Raven Type-II x2  
  59  13:22  Structure Armor  
  59  13:35  Griffin Airstrike  
  59  13:52  Terran Infantry Armor Level 1  
  59  14:51  Strike Goliath  
  65  15:41  Terran Vehicle and Ship Weapons Level 2, Terran Vehicle And Ship Armor Level 2  
  65  16:32  Terran Infantry Weapons Level 1  
  65  17:01  Defensive Drone  
  63  17:35  Raid Liberator  
  63  17:36  Raid Liberator x2  
  81  18:06  Defensive Drone  
  73  19:10  Raven Type-II  
  75  19:53  Defensive Drone  
  75  21:13  Griffin Airstrike  
  75  21:24  Defensive Drone  
  64  22:27  SCV  
  65  22:32  SCV  
  66  22:40  Defensive Drone  
  66  22:44  SCV  
  66  22:46  Griffin Airstrike  
  66  22:49  SCV  
  68  22:59  Defensive Drone  
  66  23:01  SCV  
  66  23:05  SCV  
  62  23:18  SCV  
  63  23:22  SCV, Missile Turret  
  64  23:35  SCV  
  64  23:39  SCV  
  66  23:50  Railgun Turret  
  66  24:06  Griffin Airstrike  
  66  24:29  Defensive Drone  
Tags
 
Commander
NovaStukov
Matchup
Co-op
Replay Pack
Multiplayer
Add a new tag
Caveats
  • Supply blocks, unpowered buildings, or Contaminate may cause inaccurate times.
  • Supply counts are checked every 10 seconds.